 Dungeon Crawl Stone Soup version 0.31-a0-232-gb1c03b2570 (webtiles) character file.

Game seed: 9017116052212404357

1189 qw the Skirmisher (level 8, 0/70 HPs)
             Began as a Minotaur Hexslinger on July 7, 2023.
             Was an Initiate of Okawaru.
             Shot with an arrow by a centaur (2 damage)
             ... on level 6 of the Dungeon.
             The game lasted 00:02:09 (6025 turns).

qw the Skirmisher (Minotaur Hexslinger)             Turns: 6025, Time: 00:02:09

Health: 0/70       AC:  5    Str: 19    XL:     8   Next: 19%
Magic:  8/8        EV: 11    Int: 10    God:    Okawaru [......]
Gold:   343        SH:  0    Dex: 15    Spells: 8/9 levels left

rFire   . . .        Y - +4 sling
rCold   . . .        (no shield)
rNeg    . . .        d - +0 ring mail
rPois   .            (helmet restricted)
rElec   .            (no cloak)
rCorr   .            (no gloves)
SInv    .            (no boots)
Will    +....        j - amulet of the acrobat
Stlth   +            f - +6 ring of strength
HPRegen 0.31/turn    h - ring of willpower
MPRegen 0.11/turn

%: acrobat
@: no status effects
A: horns 2, retaliatory headbutt
a: Renounce Religion


You were on level 6 of the Dungeon.
You worshipped Okawaru.
Okawaru was noncommittal.
You visited 1 branch of the dungeon, and saw 6 of its levels.

You collected 343 gold pieces.


Innate Abilities, Weirdness & Mutations

You have a pair of horns on your head.
You reflexively headbutt those who attack you in melee.


   Skills:
 - Level 5.7 Fighting
 - Level 9.0 Ranged Weapons
 - Level 1.0 Armour
 + Level 2.4 Dodging
 - Level 1.0 Spellcasting
 - Level 2.0 Hexes
 - Level 2.3 Invocations


You had 8 spell levels left.
You knew the following spells:

 Your Spells              Type           Power      Damage    Failure   Level
a - Slow                  Hex            16%        N/A       26%         1

Your spell library contained the following spells:

 Spells                   Type           Power      Damage    Failure   Level
 Inner Flame              Hex/Fire       2%         N/A       75%         3
 Portal Projectile        Hex/Tloc       4%         N/A       75%         3
 Cause Fear               Hex            2%         N/A       95%         4

Inventory:

Hand Weapons
 Y - a +4 sling (weapon)
Armour
 d - a +0 ring mail (worn)
Jewellery
 f - a +6 ring of strength (left hand)
 h - a ring of willpower (right hand)
 j - an amulet of the acrobat (around neck)
Scrolls
 a - a scroll of identify
 g - a scroll of silence {unknown}
Potions
 b - 2 potions of enlightenment
 c - a potion of curing
 e - 3 potions of haste
 i - a potion of mutation
 l - a potion of attraction {unknown}

Dungeon Overview and Level Annotations

Branches:
Dungeon (6/15)
 Temple: D:4-7

Altars:
Ashenzari
Nemelex Xobeh
Okawaru
Ru
Vehumet
Xom

Annotations:
D:4 2 transporters, qw's ghost, amateur MiHs
D:6 Menkaure


Message History

Enter note:
Enter note:
Enter note:
Enter note:
Enter note:
Enter note:
Enter note:
Enter note:
Enter note:
Enter note:
Enter note:
Enter note:
Enter note: You shoot a sling bullet.
The sling bullet hits Menkaure.
Menkaure is lightly damaged.
You shoot a sling bullet. The sling bullet hits Menkaure.
Menkaure is moderately damaged.
Menkaure calls on the powers of darkness!
Your body is wracked with pain!
6019 ||| FLEEEEING.
A centaur comes into view. It is carrying a wand of iceblast (7).
Menkaure calls on the powers of darkness!
The centaur convulses!
The centaur shouts!
Your body is wracked with pain!
6020 ||| Stepping ~*~*~tactically~*~*~ (outnumbered).
6021 ||| STILL FLEEEEING.
6022 ||| STILL FLEEEEING.
The centaur wields a +0 orcbow.
The centaur shoots an arrow.
The arrow completely misses you.
You shoot a sling bullet.
The sling bullet hits the centaur but does no damage.
The centaur is severely wounded.
The centaur shoots an arrow.
The arrow hits you.
The centaur shoots an arrow.
The arrow hits you!
6024 ||| Stepping ~*~*~tactically~*~*~ (outnumbered).
You shoot a sling bullet. The sling bullet hits the centaur.
The centaur is severely wounded.
The centaur shoots an arrow.
The arrow hits you.
You die...

##.#......## ##..........
#..#.......# #..........
#..##......####..........
##.###.......##...########
#..# ##..........## #####
##..# ##.........#
....###..## ####.....##
####.....#### ###.....##
##....:..###.@....##
#.........#......##
##..............###
#..........##....#
##...<.....#####.c.M#
##.........# ###..M# ##
###.......# #c. .##
#...##### . #.## ##...##


You could see a centaur.

Vanquished Creatures
  A sky beast (D:6)
  2 ice beasts
  An ogre (D:4)
  3 scorpions
  A jelly (D:5)
  2 orc priests (D:6)
  2 gnoll boudas (D:6)
  2 hounds (D:5)
  A sleepcap (D:2)
  Jessica (D:2)
  2 orc wizards
  Terence (D:2)
  7 gnolls (D:6)
  11 adders
  2 ufetubi
  3 worms
  5 dart slugs
  11 orcs
  4 bats
  7 endoplasms
  4 giant cockroaches
  8 hobgoblins
  4 jackals (D:1)
  5 quokkas
  5 ball pythons
  6 frilled lizards
  9 goblins
  3 kobolds
  8 rats
121 creatures vanquished.

Notes
Turn   | Place    | Note
-------+----------+-------------------------------------------
     0 | D:1      | qw the Minotaur Hexslinger began the quest for the Orb.
     0 | D:1      | Reached XP level 1. HP: 16/16 MP: 1/1
     0 | D:1      | 0 ||| qw: Version: 0.3-a-46-gb1f654a
     0 | D:1      | 0 ||| qw: Game counter: 2411
     0 | D:1      | 0 ||| qw: Melee chars always use a shield: true
     0 | D:1      | 0 ||| qw: God list: Okawaru
     0 | D:1      | 0 ||| qw: Allow faded altars: false
     0 | D:1      | 0 ||| qw: Do Orc after clearing Dungeon:15 true
     0 | D:1      | 0 ||| qw: Do second Lair branch before Depths: true
     0 | D:1      | 0 ||| qw: Lair rune preference: random
     0 | D:1      | 0 ||| qw: Goals: Normal
     0 | D:1      | 0 ||| PLANNING D:1-11
   106 | D:1      | Reached skill level 3 in Ranged Weapons
   112 | D:1      | Reached XP level 2. HP: 11/23 MP: 2/2
   639 | D:1      | Reached XP level 3. HP: 29/29 MP: 3/3
   774 | D:1      | You fall into a shaft and drop 1 floor!
   793 | D:2      | Reached skill level 4 in Ranged Weapons
   921 | D:2      | Noticed Jessica
   930 | D:2      | Killed Jessica
   931 | D:2      | Reached XP level 4. HP: 26/36 MP: 4/4
  1016 | D:2      | Reached skill level 5 in Ranged Weapons
  1085 | D:2      | 1085 ||| READING 3 scrolls labelled OPENAAR MITS.
  1086 | D:2      | 1086 ||| READING scroll labelled FEHYSU JOOR.
  1087 | D:2      | 1087 ||| READING scroll labelled LETIOTWYPN.
  1088 | D:2      | 1088 ||| READING 2 scrolls of identify.
  1088 | D:2      | 1088 ||| IDENTIFYING fuming cyan potion
  1089 | D:2      | 1089 ||| DROPPING scroll of poison.
  1090 | D:2      | 1090 ||| DROPPING potion of magic.
  1346 | D:2      | Noticed Terence
  1350 | D:2      | Killed Terence
  1418 | D:2      | Reached skill level 3 in Fighting
  1418 | D:2      | Reached XP level 5. HP: 44/45 MP: 5/5
  1428 | D:2      | 1428 ||| READING scroll of enchant weapon.
  1428 | D:2      | 1428 ||| ENCHANTING +2 sling.
  1897 | D:2      | 1897 ||| UPGRADING to +0 leather armour.
  1907 | D:2      | 1907 ||| DROPPING +0 robe.
  1908 | D:2      | 1908 ||| READING scroll labelled GYDAMU KOKIQYPH.
  1909 | D:2      | 1909 ||| READING scroll labelled HINUOTWAING.
  1914 | D:2      | 1914 ||| READING scroll labelled RUEMAU WUIR.
  1915 | D:2      | 1915 ||| READING 2 scrolls of identify.
  1915 | D:2      | 1915 ||| IDENTIFYING lumpy clear potion
  2080 | D:3      | Found a shimmering altar of Xom.
  2187 | D:3      | Found a faded altar of an unknown god.
  2192 | D:3      | Found an iron altar of Okawaru.
  2511 | D:3      | 2511 ||| UPGRADING to +0 ring mail.
  2521 | D:3      | 2521 ||| DROPPING +0 leather armour.
  2522 | D:3      | 2522 ||| UPGRADING to +6 ring of strength.
  2523 | D:3      | 2523 ||| UPGRADING to ring of willpower.
  2524 | D:3      | 2524 ||| READING scroll labelled TOBECV OBIROA.
  2601 | D:3      | 2601 ||| READING 2 scrolls of identify.
  2601 | D:3      | 2601 ||| IDENTIFYING murky puce potion
  2664 | D:4      | Reached skill level 1 in Armour
  2683 | D:4      | 2683 ||| STAIRDANCE
  2685 | D:3      | 2685 ||| PLANNING OKAWARU WORSHIP
  2690 | D:3      | Became a worshipper of Warmaster Okawaru
  2691 | D:3      | 2691 ||| PLANNING D:1-11
  2763 | D:4      | Noticed an ogre
  2768 | D:4      | Killed an ogre
  2769 | D:4      | Reached skill level 6 in Ranged Weapons
  2769 | D:4      | Reached XP level 6. HP: 37/51 MP: 6/6
  3126 | D:4      | 3126 ||| FLEEEEING.
  3129 | D:4      | 3129 ||| FLEEEEING.
  3130 | D:4      | 3130 ||| FLEEEEING.
  3131 | D:4      | 3131 ||| FLEEEEING.
  3326 | D:4      | Found a transporter.
  3458 | D:4      | Noticed qw's ghost (amateur MiHs)
  3469 | D:4      | Found a transporter.
  3557 | D:4      | 3557 ||| READING scroll of enchant weapon.
  3557 | D:4      | 3557 ||| ENCHANTING +3 sling.
  3672 | D:4      | 3672 ||| UPGRADING to amulet of the acrobat.
  3677 | D:4      | 3677 ||| READING scroll labelled GEXKUQ VIPN.
  3678 | D:4      | 3678 ||| DRINKING 2 green potions.
  3679 | D:4      | 3679 ||| READING 3 scrolls of identify.
  3679 | D:4      | 3679 ||| IDENTIFYING viscous black potion
  3707 | D:5      | Entered Level 5 of the Dungeon
  3707 | D:5      | Found a sparkling altar of Nemelex Xobeh.
  3710 | D:5      | 3710 ||| STAIRDANCE
  3712 | D:4      | 3712 ||| DRINKING potion of curing.
  3712 | D:4      | 3712 ||| (to cure confusion)
  3743 | D:5      | 3743 ||| STAIRDANCE
  3748 | D:4      | 3748 ||| Stepping randomly (disturbance).
  3749 | D:4      | 3749 ||| Stepping randomly (disturbance).
  3753 | D:4      | 3753 ||| Stepping randomly (disturbance).
  3857 | D:5      | Reached * piety under Okawaru
  3858 | D:5      | Reached skill level 7 in Ranged Weapons
  3858 | D:5      | 3858 ||| INVOKING Heroism.
  4163 | D:5      | Reached XP level 7. HP: 59/59 MP: 7/7
  4264 | D:5      | Found a radiant altar of Vehumet.
  4287 | D:5      | Reached skill level 8 in Ranged Weapons
  4287 | D:5      | 4287 ||| INVOKING Heroism.
  4643 | D:5      | 4643 ||| READING 3 scrolls of identify.
  4643 | D:5      | 4643 ||| IDENTIFYING fuming brown potion
  4644 | D:5      | 4644 ||| READING 2 scrolls of identify.
  4644 | D:5      | 4644 ||| IDENTIFYING murky pink potion
  4645 | D:5      | 4645 ||| DROPPING potion of brilliance.
  4686 | D:6      | 4686 ||| INVOKING Heroism.
  4687 | D:6      | 4687 ||| Stepping ~*~*~tactically~*~*~ (outnumbered).
  4825 | D:6      | HP: 9/60 [orc warrior/+0 battleaxe (13)]
  4826 | D:6      | 4826 ||| READING scroll of teleportation.
  4827 | D:6      | 4827 ||| DRINKING potion of heal wounds.
  5091 | D:6      | Found a broken altar of Ashenzari.
  5106 | D:6      | Reached skill level 1 in Invocations
  5134 | D:6      | 5134 ||| INVOKING Heroism.
  5137 | D:6      | Reached XP level 8. HP: 30/70 MP: 5/8
  5305 | D:6      | 5305 ||| INVOKING Heroism.
  5355 | D:6      | 5355 ||| INVOKING Heroism.
  5356 | D:6      | 5356 ||| Stepping ~*~*~tactically~*~*~ (outnumbered).
  5468 | D:6      | Found a sacrificial altar of Ru.
  5486 | D:6      | Reached skill level 9 in Ranged Weapons
  5490 | D:6      | 5490 ||| INVOKING Heroism.
  5495 | D:6      | HP: 17/70 [poisoned by a gnoll]
  6016 | D:6      | Noticed Menkaure
  6019 | D:6      | 6019 ||| FLEEEEING.
  6020 | D:6      | 6020 ||| Stepping ~*~*~tactically~*~*~ (outnumbered).
  6023 | D:6      | HP: 16/70 [centaur/arrow (5)]
  6023 | D:6      | HP: 2/70 [centaur/arrow (14)]
  6024 | D:6      | 6024 ||| Stepping ~*~*~tactically~*~*~ (outnumbered).
  6025 | D:6      | Shot with an arrow by a centaur

Levels and vault maps discovered:
D:1:      saegor_arrival_simple_e, layout_loops_corners,
          hangedman_decor_opposing
D:2:      layout_loops_cross, uniq_terence, uniq_jessica
D:3:      layout_loops_ring, nicolae_overflow_ecumenical_swirl,
          mainiacjoe_overflow_alcove_4
D:4:      layout_loops_corners, gammafunk_ghost_stat_death,
          nicolae_concentric_dashed_squares_wild
D:5:      layout_loops_ring, kennysheep_mini_moat,
          nemelex_xobeh_ov_fountains_minmay
D:6:      layout_cave_pods, mainiacjoe_overflow_catwalk,
          nicolae_ru_awakened_eye, serial_shops, shop, minmay_three_doors,
          uniq_menkaure

Skill      XL: |  1  2  3  4  5  6  7  8 |
---------------+-------------------------+-----
Ranged Weapons | 3 4 5 6 7 8 9 |  9.0
Fighting       | 2 3 4 5 |  5.7
Armour         | 1 |  1.0
Invocations    | 2 |  2.3
Dodging        | |  2.4
Spellcasting   | |  1.0
Hexes          | |  2.0

Action                     |  1- 3 |  4- 6 |  7- 9 || total
---------------------------+-------+-------+-------++-------
   Fire: Sling             |   109 |   207 |   167 ||   483
 Invoke: Heroism           |       |     1 |     6 ||     7
    Use: Scroll            |       |    14 |     3 ||    17
         Potion            |       |     2 |     1 ||     3
 Armour: Robe              |    17 |     3 |       ||    20
         Ring mail         |       |    41 |    19 ||    60
  Dodge: Dodged            |    44 |    65 |    52 ||   161

Table legend:
 A = Non-vault XP
 B = Vault XP
 C = Vault XP percentage of total XP
 D = Non-vault monster count
 E = Vault monster count
 F = Vault count percentage of total count
                 A         B        C        D         E       F
            +---------+---------+-------+---------+---------+-------
      Total |    1630 |      69 |   4.1 |     119 |       2 |   1.7
            +---------+---------+-------+---------+---------+-------
        D:1 |      56 |       0 |   0.0 |      32 |       0 |   0.0
        D:2 |     111 |      69 |  38.3 |      20 |       2 |   9.1
        D:3 |      42 |       0 |   0.0 |      16 |       0 |   0.0
        D:4 |     318 |       0 |   0.0 |      15 |       0 |   0.0
        D:5 |     401 |       0 |   0.0 |      14 |       0 |   0.0
        D:6 |     702 |       0 |   0.0 |      22 |       0 |   0.0
            +---------+---------+-------+---------+---------+-------
